 Dungeon Crawl Stone Soup version 0.30-a0-613-gdd512c7efb (webtiles) character file.

Game seed: 1424481458947391789

3922 acebull12 the Spear-Bearer (level 10, 0/79 HPs)
             Began as a Demonspawn Monk on Jan 8, 2023.
             Was a Believer of Okawaru.
             Engulfed by a steam dragon's steam (4 damage)
             ... on level 6 of the Dungeon.
             The game lasted 00:35:07 (7327 turns).

acebull12 the Spear-Bearer (Demonspawn Monk)        Turns: 7327, Time: 00:35:07

Health: 0/79       AC: 22    Str: 15    XL:     10   Next: 1%
Magic:  16/16      EV: 13    Int: 13    God:    Okawaru [**....]
Gold:   293        SH:  0    Dex: 21    Spells: 15/17 levels left

rFire   . . .      SeeInvis +    a - +0 spear
rCold   + . .      Faith    .    (no shield)
rNeg    . . .      Spirit   .    n - +7 Kryia's mail coat {PotionHeal*2 rC+}
rPois   .          Reflect  .    (no helmet)
rElec   +          Harm     .    l - +0 cloak
rCorr   .          Rampage  .    (no gloves)
Will    .....      Rnd*Tele +    o - +2 pair of boots
Stlth   +                        (no amulet)
HPRegen 0.33/turn                A - +6 ring of dexterity
MPRegen 0.15/turn                r - ring of see invisible

@: no status effects
A: thin metallic scales 3, demonic magic 1, weakness stinger 2, teleportitis 2
a: Renounce Religion, Heroism


You were on level 6 of the Dungeon.
You worshipped Okawaru.
Okawaru was pleased with you.
You visited 2 branches of the dungeon, and saw 7 of its levels.
You also visited: Sewer.

You collected 293 gold pieces.

Inventory:

Hand Weapons
 a - a +0 spear (weapon)
Armour
 l - a +0 cloak (worn)
 n - the +7 Kryia's mail coat (worn) {PotionHeal*2 rC+}
   (You found it on level 3 of the Dungeon)

   Potions are twice as effective at healing its wearer.
   rC:        It protects you from cold.
 o - a +2 pair of boots (worn)
Jewellery
 b - a +6 ring of intelligence
 r - a ring of see invisible (right hand)
 A - a +6 ring of dexterity (left hand)
Wands
 z - a wand of roots (5)
Scrolls
 c - a scroll of blinking {unknown}
 h - 3 scrolls of fog {unknown}
 k - 3 scrolls of teleportation {unknown}
 m - 2 scrolls of vulnerability {unknown}
 u - a scroll of fear {unknown}
 v - 2 scrolls of enchant weapon {unknown}
 w - a scroll of noise {unknown}
 y - 2 scrolls of immolation {unknown}
 B - a scroll of enchant armour {unknown}
Potions
 d - 5 potions of haste
 e - a potion of berserk rage
 f - 3 potions of might
 j - a potion of flight
 q - 3 potions of magic {unknown}
 t - 2 potions of invisibility {unknown}
 x - a potion of heal wounds
 C - a potion of ambrosia


   Skills:
 * Level 7.2 Fighting
 * Level 9.4 Polearms
 + Level 5.1 Armour
 * Level 6.1 Dodging
 + Level 2.4 Stealth
 * Level 4.2 Spellcasting
 * Level 5.5 Translocations


You had 15 spell levels left.
You knew the following spells:

 Your Spells              Type           Power      Damage    Failure   Level
a - Blink                 Tloc           34%        N/A       12%         2

Your spell library contained the following spells:

 Spells                   Type           Power      Damage    Failure   Level
 Apportation              Tloc           34%        N/A       8%          1
 Lesser Beckoning         Tloc           34%        N/A       22%         3
 Momentum Strike          Conj/Tloc      18%        3d8       34%         2
 Alistair's Intoxication  Tmut/Pois      1%         N/A       100%        5


Dungeon Overview and Level Annotations

Branches:
Dungeon (6/15)             Temple (1/1) D:5           Sewer (visited)

Altars:
Cheibriados
Gozag
Kikubaaqudgha
Makhleb
Okawaru
Qazlal
Uskayaw
Vehumet
Wu Jian

Shops:
D:6 (

Annotations:
D:3 exclusion: statue


Innate Abilities, Weirdness & Mutations

You are completely covered in thin metallic scales. (AC +4, rElec)
Spells you cast may paralyse adjacent enemies.
You have a tail ending in a sharp stinger.
You are often teleported next to monsters.


Message History

The steam dragon is heavily wounded.
You are engulfed in a cloud of scalding steam.
The steam dragon barely misses you. The steam dragon claws you.
You are too injured to fight recklessly!
You are too injured to fight recklessly!
You are too injured to fight recklessly!
You are too injured to fight recklessly!
You are too injured to fight recklessly!
You hit the steam dragon but do no damage.
Your tail-slap misses the steam dragon.
The steam dragon is heavily wounded.
You hit the steam dragon.
The steam dragon is severely wounded.
The steam dragon closely misses you.
The steam dragon claws you but does no damage.
You hit the steam dragon.
The steam dragon is severely wounded.
The steam dragon breathes steam at you. The ball of steam hits you!!
* * * LOW HITPOINT WARNING * * *
You barely miss the steam dragon. You tail-slap the steam dragon.
The steam dragon is almost dead.
You are engulfed in a cloud of scalding steam.
* * * LOW HITPOINT WARNING * * *
You barely miss the steam dragon.
The steam dragon is almost dead.
You are engulfed in a cloud of scalding steam.
* * * LOW HITPOINT WARNING * * *
The steam dragon closely misses you.
The steam dragon claws you but does no damage.
You hit the steam dragon but do no damage.
Your tail-slap misses the steam dragon.
The steam dragon is almost dead.
You are engulfed in a cloud of scalding steam.
* * * LOW HITPOINT WARNING * * *
The steam dragon misses you. The steam dragon closely misses you.
You hit the steam dragon but do no damage.
The steam dragon is almost dead.
You are engulfed in a cloud of scalding steam.
You die...

#.....#....###.....
#.....#...#....##..
###....##..#.#.....
###.##....##.#.#.....
#.......#.......###..
##......#.........#..
####>...............
############§§..........#.##
#.........D@.§§.§.#.....#..#
#....#####§.§..#............
#...# ##§.§.##...........
#...# ##..##...........#
#.).# #..###..........#
#...+ #..# ##.......)).
#...+ #..###...........
#.).# .###..###....g.< ....#
##..#.......(


You could see a steam dragon (catching breath).

Vanquished Creatures
  Pikel (D:4)
  Maggie (D:6)
  Grinder (D:3)
  Eustachio (D:6)
  A steam dragon (D:5)
  3 ogres
  A centaur (D:6)
  4 kobold brigands
  A bullfrog (D:5)
  A scorpion (D:5)
  A howler monkey (D:5)
  4 hounds
  A jelly (D:5)
  Ijyb (D:5)
  3 iguanas
  4 orc wizards
  4 gnolls
  6 adders
  4 worms
  A dart slug (D:1)
  13 orcs
  8 ball pythons
  10 bats
  7 endoplasms
  3 giant cockroaches
  7 goblins
  11 hobgoblins
  6 jackals
  27 kobolds
  4 quokkas (D:1)
  8 frilled lizards
  6 rats
154 creatures vanquished.

Vanquished Creatures (others)
  2 orcs (D:6)
  2 fungi (Sewer)
  4 plants (Sewer)
8 creatures vanquished.

Grand Total: 162 creatures vanquished

Notes
Turn   | Place    | Note
-------+----------+-------------------------------------------
     0 | D:1      | acebull12 the Demonspawn Monk began the quest for the Orb.
     0 | D:1      | Reached XP level 1. HP: 18/18 MP: 1/1
   130 | D:1      | Gained mutation: You are partially covered in thin metallic
                  | scales. (AC +2) [demonic ancestry]
   130 | D:1      | Reached XP level 2. HP: 18/24 MP: 2/2
   324 | D:1      | Reached skill level 3 in Polearms
   481 | D:1      | Reached XP level 3. HP: 25/29 MP: 3/3
  1481 | D:1      | Gained mutation: You have a small tail. [demonic ancestry]
  1481 | D:1      | Reached XP level 4. HP: 18/36 MP: 4/4
  1893 | D:3      | Found the +7 Kryia's mail coat {PotionHeal*2 rC+}
  1974 | D:3      | Found a radiant altar of Vehumet.
  1974 | D:3      | Noticed a frost-covered statue
  2223 | D:3      | Noticed a kobold brigand
  2245 | D:3      | Killed a kobold brigand
  2246 | D:3      | Reached skill level 4 in Polearms
  2246 | D:3      | Gained mutation: You have a tail ending in a sharp stinger.
                  | [demonic ancestry]
  2246 | D:3      | Reached XP level 5. HP: 39/42 MP: 5/5
  2360 | D:3      | Found a glowing drain.
  2376 | Sewer    | Entered a sewer
  2484 | Sewer    | Reached skill level 1 in Armour
  2829 | Sewer    | Reached XP level 6. HP: 48/48 MP: 6/6
  3086 | D:3      | Found a burning altar of Makhleb.
  3336 | D:3      | Noticed Grinder
  3336 | D:3      | Paralysed by Grinder for 5 turns
  3358 | D:3      | Paralysed by Grinder for 3 turns
  3363 | D:3      | Paralysed by Grinder for 3 turns
  3402 | D:3      | Killed Grinder
  3403 | D:3      | Reached skill level 5 in Polearms
  3403 | D:3      | Gained mutation: You are mostly covered in thin metallic
                  | scales. (AC +3) [demonic ancestry]
  3403 | D:3      | Reached XP level 7. HP: 45/55 MP: 7/7
  3847 | D:4      | Found an ornate altar of the Wu Jian Council.
  4384 | D:4      | Noticed Pikel
  4454 | D:4      | Killed Pikel
  4455 | D:4      | Reached skill level 5 in Fighting
  4455 | D:4      | Reached skill level 6 in Polearms
  4455 | D:4      | Reached XP level 8. HP: 22/62 MP: 8/8
  4590 | D:4      | Found an iron altar of Okawaru.
  4679 | D:5      | Entered Level 5 of the Dungeon
  4703 | D:4      | Reached skill level 7 in Polearms
  4730 | D:4      | Learned a level 2 spell: Blink
  4854 | D:5      | Noticed Ijyb
  4982 | D:5      | Killed Ijyb
  5349 | D:5      | Found a staircase to the Ecumenical Temple.
  5496 | Temple   | Entered the Ecumenical Temple
  5675 | D:4      | Became a worshipper of Warmaster Okawaru
  5675 | D:4      | Reached * piety under Okawaru
  5675 | D:4      | Reached ** piety under Okawaru
  5683 | D:4      | Reached skill level 9 in Polearms
  5683 | D:4      | Reached skill level 5 in Dodging
  5683 | D:4      | Reached skill level 5 in Translocations
  5683 | D:4      | Gained mutation: Spells you cast may paralyse adjacent
                  | enemies. [demonic ancestry]
  5683 | D:4      | Reached XP level 9. HP: 71/71 MP: 9/14
  5718 | D:4      | Gained mutation: You have a pair of small antennae on your
                  | head. [potion of mutation]
  5718 | D:4      | Gained mutation: You have large cloven feet. [potion of
                  | mutation]
  5721 | D:4      | Lost mutation: You have large cloven feet. [potion of
                  | mutation]
  5721 | D:4      | Lost mutation: You have a pair of small antennae on your
                  | head. [potion of mutation]
  5721 | D:4      | Gained mutation: You are resistant to electric shocks.
                  | (rElec) [potion of mutation]
  5722 | D:4      | Lost mutation: You are resistant to electric shocks.
                  | (rElec) [potion of mutation]
  5722 | D:4      | Gained mutation: You are agile. (Dex +4, Str/Int -1)
                  | [potion of mutation]
  5723 | D:4      | Lost mutation: You are agile. (Dex +4, Str/Int -1) [potion
                  | of mutation]
  5723 | D:4      | Gained mutation: Your flesh is cold resistant. (rC+)
                  | [potion of mutation]
  5723 | D:4      | Gained mutation: Your body sometimes deteriorates upon
                  | taking damage. [potion of mutation]
  5724 | D:4      | Lost mutation: Your body sometimes deteriorates upon taking
                  | damage. [potion of mutation]
  5724 | D:4      | Lost mutation: Your flesh is cold resistant. (rC+) [potion
                  | of mutation]
  5724 | D:4      | Gained mutation: You are occasionally teleported next to
                  | monsters. [potion of mutation]
  5724 | D:4      | Gained mutation: You are often teleported next to monsters.
                  | [potion of mutation]
  5827 | D:5      | Reached skill level 5 in Armour
  6081 | D:6      | Found Ofayfunomm's Weapon Emporium.
  6096 | D:6      | Noticed Eustachio
  6120 | D:6      | Killed Eustachio
  6298 | D:6      | Noticed Maggie
  6412 | D:6      | Killed Maggie
  6933 | D:5      | Gained mutation: You are completely covered in thin
                  | metallic scales. (AC +4, rElec) [demonic ancestry]
  6933 | D:5      | Reached XP level 10. HP: 79/79 MP: 16/16
  7327 | D:6      | Engulfed by a steam dragon's steam

Illustrated notes

Levels and vault maps discovered:
D:1:      amcnicky_arrival_blooded_trapdoor, layout_loops_cross,
          minmay_indecisive_spiral
D:2:      layout_rooms, basic_altar
D:3:      layout_loops_corners, lemuel_round_altar, vehumet_statue,
          cheibrodos_sewer_entry_sluice, uniq_grinder
D:4:      layout_basic, general_overflow_altar, kennysheep_little_box,
          uniq_pikel
D:5:      layout_rooms, temple_green, uniq_ijyb
D:6:      layout_cave_pools, serial_gnoll_camp, gnoll_camp_mini_basic,
          gnoll_camp_mini_house, gnoll_camp_mini_hut, gnoll_camp_medium_02,
          serial_shops, shop, uniq_maggie, uniq_blork_the_orc,
          uniq_crazy_yiuf_cottage, uniq_eustachio
Temple:   hellmonk_temple_beads

Skill      XL: |  1  2  3  4  5  6  7  8  9 |
---------------+----------------------------+-----
Polearms       | 3 4 5 6 9 |  9.4
Dodging        | 3 4 5 6 |  6.1
Fighting       | 4 5 6 7 |  7.2
Armour         | 1 2 4 5 |  5.1
Stealth        | 2 |  2.4
Spellcasting   | 3 4 |  4.2
Translocations | 5 |  5.5

Action                   |  1- 3 |  4- 6 |  7- 9 | 10-12 || total
-------------------------+-------+-------+-------+-------++-------
Melee: Spear             |   172 |   245 |   598 |    67 ||  1082
       Punch             |     2 |     5 |    17 |       ||    24
       Tailslap          |       |    32 |   106 |     9 ||   147
  Use: Potion            |       |     1 |     9 |       ||    10
       Scroll            |       |       |     7 |       ||     7
 Stab: Sleeping          |     2 |       |       |     1 ||     3
Armor: Robe              |    17 |       |       |       ||    17
       Ring mail         |    20 |       |       |       ||    20
       Scale mail        |       |   176 |   259 |    23 ||   458
Dodge: Dodged            |    98 |   167 |   324 |    22 ||   611

Table legend: (Time is in decaauts)
 A = Elapsed time spent in this place.
 B = Non-inter-level travel time spent in this place.
 C = Inter-level travel time spent in this place.
 D = Time resting spent in this place.
 E = Time spent auto-exploring this place.
 F = Levels seen in this place.
 G = Mean time per level.
                   A        B        C        D        E       F      G
               +--------+--------+--------+--------+--------+-----+--------+
         Total |   7120 |   6632 |    488 |   1312 |   3297 |   8 |  890.0 |
       Dungeon |   6412 |   5936 |    476 |   1134 |   3029 |   6 | 1068.7 |
        Temple |    112 |    100 |     12 |      0 |     93 |   1 |  112.0 |
         Sewer |    595 |    595 |      0 |    178 |    175 |   1 |  595.0 |
               +--------+--------+--------+--------+--------+-----+--------+

Top non-repeatable levels by time:
     D:5: 1484 daAuts
     D:1: 1254 daAuts
     D:4: 1232 daAuts
     D:3: 1166 daAuts
     D:6: 657 daAuts
     D:2: 616 daAuts
   Sewer: 595 daAuts
  Temple: 112 daAuts
